 Dungeon Crawl Stone Soup version 0.27.1-4-g1640c2035a (webtiles) character file.

Game seed: 5270199811173572842

56 boopmooplesden the Shield-Bearer (level 3, -11/33 HPs)
             Began as a Minotaur Fighter on Nov 8, 2021.
             Killed by nerve-wracking pain
             ... invoked by Grinder
              (14 damage)
             ... while paralysed by Grinder
             ... on level 3 of the Dungeon.
             The game lasted 00:02:54 (1734 turns).

boopmooplesden the Shield-Bearer (Minotaur Fighter) Turns: 1734, Time: 00:02:55

Health: -11/33     AC:  7    Str: 20    XL:     3   Next: 71%
Magic:  2/2        EV:  2    Int:  5    God:
Gold:   74         SH:  0    Dex: 16    Spells: 2/2 levels left

rFire    . . .     SeeInvis .   a - +0 war axe
rCold    . . .     Faith    .   c - +0 kite shield
rNeg     . . .     Spirit   .   b - +0 scale mail
rPois    .         Reflect  .   (helmet restricted)
rElec    .         Harm     .   (no cloak)
rCorr    .         Rampage  .   (no gloves)
Will     .....                  (no boots)
Stlth    ..........             (no amulet)
HPRegen  0.11/turn              k - +6 ring of dexterity
MPRegen  0.08/turn              (no ring)

@: paralysed
A: horns 2, retaliatory headbutt
a: no special abilities


You were on level 3 of the Dungeon.
You visited 1 branch of the dungeon, and saw 3 of its levels.

You collected 74 gold pieces.

Inventory:

Hand Weapons
 a - a +0 war axe (weapon)
 i - a +0 vorpal spear
Missiles
 m - 3 javelins (quivered)
Armour
 b - a +0 scale mail (worn)
 c - a +0 kite shield (worn)
Jewellery
 k - a +6 ring of dexterity (left hand)
Scrolls
 e - a scroll of brand weapon {unknown}
 h - 2 scrolls of magic mapping {unknown}
Potions
 d - a potion of might
 f - a potion of berserk rage {unknown}
 g - 2 potions of curing {unknown}
 j - a potion of heal wounds {unknown}
 l - a potion of ambrosia {unknown}
 n - a potion of cancellation {unknown}


   Skills:
 + Level 3.9 Fighting
 + Level 3.5 Axes
 + Level 4.2 Armour
 + Level 0.1 Dodging
 + Level 0.1 Stealth
 + Level 4.3 Shields


You had 2 spell levels left.
You didn't know any spells.
Your spell library was empty.

Dungeon Overview and Level Annotations

Branches:
Dungeon (3/15)

Altars:
Xom

Annotations:
D:3 Grinder


Innate Abilities, Weirdness & Mutations

You have a pair of horns on your head.
You reflexively headbutt those who attack you in melee.


Message History

You headbutt the adder, but do no damage.
You block the orc's attack.
The orc wizard mumbles some strange words.
The orc wizard flickers and vanishes!
Deactivating autopickup; reactivate with Ctrl-A.
Grinder blinks!
The adder bites you but does no damage. The orc hits you but does no damage.
You barely miss the adder. Your headbutt misses the adder.
The adder is lightly wounded.
You feel sick.
You are no longer poisoned.
You block the adder's attack.
The orc hits you from afar with a +0 trident.
You block the adder's attack.
You barely miss the adder. Your headbutt misses the adder.
The adder is lightly wounded.
The adder bites you but does no damage. You block the orc's attack.
The adder bites you but does no damage.
The orc hits you from afar with a +0 trident.
You closely miss the adder. Your headbutt misses the adder.
The adder is lightly wounded.
You block the adder's attack. You block the orc's attack.
The adder bites you but does no damage. Grinder gestures at you.
You suddenly lose the ability to move!
The orc hits you from afar with a +0 trident.
The adder barely misses you. The adder bites you but does no damage.
The orc hits you but does no damage. Grinder hits you but does no damage.
The adder bites you.
The orc hits you from afar with a +0 trident.
* * * LOW HITPOINT WARNING * * *
The adder bites you.
* * * LOW HITPOINT WARNING * * *
Grinder blinks!
The orc hits you from afar with a +0 trident.
* * * LOW HITPOINT WARNING * * *
The adder bites you but does no damage. Grinder gestures at you.
Pain shoots through your body!
You die...

...... #.....
..... #...
##..#### ### #
...... ...
###..####..## ..#
#....oS@....# #.#
.....{###..5# #.#
..... ##...# #.#
....
#....########.#
...
#.#...........###
..
#^##.#######.....
. #_##.#
#........ ####.#
#..####^# #.#
#..#.....


You could see Grinder, an adder and an orc.

Vanquished Creatures
  Natasha (D:2)
  An adder skeleton (D:2)
  A worm (D:2)
  An orc (D:3)
  A bat (D:2)
  2 endoplasms
  A giant cockroach (D:1)
  3 goblins
  3 hobgoblins
  A quokka (D:2)
  4 ball pythons
  3 frilled lizards (D:2)
  2 rats
24 creatures vanquished.

Notes
Turn   | Place    | Note
-------+----------+-------------------------------------------
     0 | D:1      | boopmooplesden the Minotaur Fighter began the quest for the
                  | Orb.
     0 | D:1      | Reached XP level 1. HP: 19/19 MP: 0/0
   550 | D:1      | Reached XP level 2. HP: 27/27 MP: 1/1
  1342 | D:2      | Reached XP level 3. HP: 33/33 MP: 2/2
  1412 | D:2      | Noticed Natasha
  1420 | D:2      | Killed Natasha
  1697 | D:3      | Found a shimmering altar of Xom.
  1710 | D:3      | Found a faded altar of an unknown god.
  1721 | D:3      | Noticed Grinder
  1730 | D:3      | Paralysed by Grinder for 6 turns
  1734 | D:3      | Killed from afar by Grinder

Illustrated notes

Levels and vault maps discovered:
D:1:      roderic_octagonal_star, layout_rooms, kennysheep_minor_cross
D:2:      mumra_celtic_spiral_tile, layout_loops_corners, uniq_natasha
D:3:      layout_basic, lemuel_tele_altar, hangedman_ru_absence,
          hellmonk_ecumenical_altar_leap_of_faith, uniq_grinder

Skill      XL: |  1  2  3 |
---------------+----------+-----
Shields        | 4 |  4.3
Armour         | 4 |  4.2
Axes           | 3 |  3.5
Fighting       | |  3.9
Dodging        | |  0.1
Stealth        | |  0.1

Action                   || total
-------------------------++-------
Melee: War axe           ||    68
       Headbutt          ||    14
Armor: Scale mail        ||    37
Dodge: Dodged            ||    22
Block: Kite shield       ||    39
